 Dungeon Crawl Stone Soup version 0.31.0-11-ge490571c62 (webtiles) character file.

Game seed: 868866451933402195

2 mopl the Ruffian (level 1, 0/13 HPs)
             Began as an Octopode Shapeshifter on Feb 8, 2024.
             Constricted to death by a ball python (1 damage)
             ... on level 1 of the Dungeon.
             The game lasted 00:00:19 (118 turns).

mopl the Ruffian (Octopode Shapeshifter)             Turns: 118, Time: 00:00:19

Health: 0/13       AC:  1    Str: 13    XL:     1   Next: 40%
Magic:  1/1        EV: 10    Int: 12    God:
Gold:   8          SH:  0    Dex: 11    Spells: 0/0 levels left

rFire   . .          .
                       - Unarmed
rCold   . . .        (no shield)
rNeg    . . .        (helmet currently unavailable)
rPois   .            (no amulet)
rElec   .            d - ring of wizardry
rCorr   .            (no ring)
SInv    .            (no ring)
Will    .....        (no ring)
Stlth   ++           (no ring)
HPRegen 0.22/turn    (no ring)
MPRegen 0.07/turn    (no ring)
                     (no ring)

%: wizardry (x1)
@: beast-form, constricted
A: beast (slay +1), almost no armour, amphibious, 8 rings, camouflage 1,
gelatinous body 1, (nimble swimmer 1), tentacles
a: Begin Untransformation


You were on level 1 of the Dungeon.
You were a hulking beast.
You visited 1 branch of the dungeon, and saw 1 of its levels.

You collected 8 gold pieces.

Inventory:

Jewellery
 d - a ring of wizardry (left tentacle)
Talismans
 b - a beast talisman
 c - a flux talisman
Potions
 a - a potion of lignification


   Skills:
 + Level 1.0 Fighting
 + Level 2.0 Dodging
 * Level 3.0 Unarmed Combat
 * Level 3.0 Shapeshifting


You couldn't memorise any spells.
You didn't know any spells.
Your spell library was empty.

Dungeon Overview and Level Annotations

Branches:
Dungeon (1/15)

Altars:


Innate Abilities, Weirdness & Mutations

You are a hulking beast.
Your limbs bulge with bestial killing power. (Slay +1)
You cannot wear most types of armour.
You are amphibious.
You can wear up to eight rings at the same time.
Your skin changes colour to match your surroundings (Stealth+).
Your rubbery body absorbs attacks. (AC +1, EV +1)
((You are camouflaged when in or above water. (Stealth+)))
You have tentacles for arms and can constrict up to eight enemies at once.


Message History

A quokka comes into view.
A hobgoblin comes into view.
Found a ring of wizardry.
The kobold shouts!
The hobgoblin shouts!
The hobgoblin hits you.
You tentacle-slap the hobgoblin. Your grab misses the hobgoblin.
The hobgoblin is heavily wounded.
The kobold throws a stone.
The stone hits you. The hobgoblin closely misses you.
A ball python comes into view.
You barely miss the hobgoblin. Your grab misses the hobgoblin.
The hobgoblin is heavily wounded.
The hobgoblin barely misses you.
You tentacle-slap the hobgoblin. Your grab misses the hobgoblin.
You squeeze the hobgoblin.
You kill the hobgoblin!
The quokka bites you.
You are too injured to fight recklessly!
You are too injured to fight recklessly!
You tentacle-slap the quokka. Your grab misses the quokka.
Your squeeze misses the quokka.
The quokka is moderately wounded.
The quokka barely misses you.
A rat comes into view.
You tentacle-slap the quokka but do no damage.
You grab the quokka.
The quokka is moderately wounded.
You constrict the quokka. The quokka barely misses you.
You tentacle-slap the quokka.
The quokka is severely wounded.
You constrict the quokka, but do no damage.
The quokka bites you.
* * * LOW HITPOINT WARNING * * *
You tentacle-slap the quokka.
You kill the quokka!
You tentacle-slap the ball python. Your grab misses the ball python.
The ball python is severely wounded.
The ball python closely misses you. The ball python grabs you.
The ball python constricts you.
You die...

.. ...
#################### ...=
.#...#...#.#...#...##....
..#..#..#...#..#..#......
...#.#.#.....#.#h#....#..
....###.......###S.......
.....................r...
##.......###.............
#.#.....#.#.#............
#..#...#..#..#...........
#...#.#...#...#..........
################..#######
####


You could see a ball python and a rat.

Vanquished Creatures
  A hobgoblin (D:1)
  A quokka (D:1)
2 creatures vanquished.

Notes
Turn   | Place    | Note
-------+----------+-------------------------------------------
     0 | D:1      | mopl the Octopode Shapeshifter began the quest for the Orb.
     0 | D:1      | Reached XP level 1. HP: 13/13 MP: 1/1
   118 | D:1      | Constricted to death by a ball python

Illustrated notes

Levels and vault maps discovered:
D:1:      nagdon_arrival_double_spiral, layout_rooms,
          hellmonk_ecumenical_altar_arch_garden, kennysheep_crisscross,
          hangedman_decor_diamond_cutter

Action                     || total
---------------------------++-------
  Melee: Unarmed           ||     8
         Constrict         ||     1
         Tentacles         ||     1
 Armour: Skin              ||     4
  Dodge: Dodged            ||     5
